Map: Blackburn LE

Players

SKillous

  • Race: Protoss Protoss

Bly - Winner!

  • Race: Zerg Zerg

Event: DreamHack SC2 Masters 2021 Fall

VOD

Have the link to the VOD?

Description

Time

  • Played on: Aug. 8, 2021, 11:33 a.m.
  • Length: 13:04

All games in this series

Show
View Real Time Build Order
Export as new Build Order

SKillous Protoss 

Build Orders: 1 Gate Expand, Oracle Opening, Carriers 

Get SALT Encoding   

  12  0:00  Probe  
  13  0:12  Probe  
  14  0:21  Pylon  
  14  0:24  Probe  
  15  0:39  Probe (Chrono Boost)  
  15  0:42  Gateway  
  16  0:48  Probe (Chrono Boost)  
  16  0:49  Assimilator  
  17  0:53  Probe (Chrono Boost)  
  18  1:05  Probe  
  19  1:17  Probe  
  20  1:27  Nexus  
  20  1:37  Cybernetics Core  
  20  1:41  Probe  
  20  1:46  Assimilator  
  21  1:53  Probe  
  22  1:57  Pylon  
  22  2:05  Probe  
  23  2:12  Adept (Chrono Boost)  
  25  2:18  Probe (Chrono Boost)  
  25  2:20  Stargate  
  26  2:28  Warp Gate  
  27  2:30  Probe (Chrono Boost)  
  27  2:35  Adept  
  29  2:40  Probe (Chrono Boost)  
  29  2:42  Probe (Chrono Boost)  
  31  2:49  Probe (Chrono Boost)  
  31  2:50  Probe (Chrono Boost)  
  33  2:56  Probe  
  33  2:57  Void Ray (Chrono Boost), Probe  
  39  3:08  Probe  
  39  3:11  Gateway  
  40  3:16  Probe  
  41  3:20  Probe  
  41  3:25  Pylon  
  42  3:28  Probe  
  42  3:31  Oracle (Chrono Boost)  
  46  3:43  Probe x2  
  48  3:50  Pylon  
  48  3:53  Nexus  
  48  3:55  Probe (Chrono Boost)  
  50  4:01  Probe (Chrono Boost)  
  50  4:02  Assimilator  
  50  4:04  Probe (Chrono Boost)  
  50  4:07  Assimilator  
  50  4:08  Stargate  
  51  4:14  Shield Battery  
  51  4:16  Probe (Chrono Boost)  
  53  4:17  Probe (Chrono Boost)  
  53  4:21  Void Ray  
  53  4:22  Pylon  
  53  4:29  Probe x2 (Chrono Boost)  
  59  4:38  Probe  
  60  4:40  Probe  
  60  4:42  Robotics Facility  
  61  4:48  Forge  
  61  4:49  Void Ray  
  61  4:50  Probe  
  63  4:52  Probe  
  67  5:03  Probe (Chrono Boost)  
  67  5:04  Pylon  
  69  5:07  Probe (Chrono Boost)  
  69  5:08  Pylon  
  69  5:09  Void Ray  
  69  5:10  Probe (Chrono Boost)  
  70  5:17  Probe (Chrono Boost)  
  70  5:20  Probe (Chrono Boost)  
  77  5:22  Probe (Chrono Boost)  
  77  5:25  Probe (Chrono Boost)  
  77  5:26  Assimilator  
  77  5:27  Probe (Chrono Boost)  
  79  5:30  Assimilator, Probe x2 (Chrono Boost)  
  79  5:32  Probe (Chrono Boost)  
  82  5:39  Probe  
  82  5:40  Void Ray  
  82  5:41  Probe  
  84  5:45  Protoss Air Weapons Level 1, Robotics Bay  
  86  5:52  Probe (Chrono Boost)  
  86  5:54  Void Ray  
  86  5:55  Probe (Chrono Boost)  
  87  6:02  Observer  
  87  6:03  Probe (Chrono Boost)  
  87  6:04  Probe (Chrono Boost)  
  95  6:06  Photon Cannon  
  95  6:08  Probe (Chrono Boost)  
  95  6:09  Probe (Chrono Boost)  
  95  6:11  Probe (Chrono Boost)  
  97  6:12  Pylon  
  97  6:16  Probe (Chrono Boost)  
  98  6:23  Probe (Chrono Boost)  
  98  6:24  Void Ray  
  101  6:27  Probe x2 (Chrono Boost)  
  101  6:29  Pylon  
  101  6:31  Disruptor (Chrono Boost)  
  105  6:35  Pylon  
  105  6:38  Shield Battery  
  108  6:40  Pylon, Photon Cannon  
  108  6:41  Void Ray  
  108  6:49  Fleet Beacon  
  108  6:50  Stargate  
  112  7:01  Protoss Ground Weapons Level 1 (Chrono Boost)  
  112  7:04  Disruptor  
  115  7:19  Gateway  
  115  7:21  Nexus  
  115  7:22  Gateway x2  
  115  7:23  Pylon  
  115  7:24  Gateway  
  115  7:28  Pylon  
  115  7:31  Carrier (Chrono Boost)  
  115  7:34  Carrier (Chrono Boost)  
  127  7:49  Pylon, Photon Cannon  
  127  7:53  Protoss Air Weapons Level 2 (Chrono Boost), Probe x3  
  136  8:09  Flux Vanes  
  136  8:10  Carrier (Chrono Boost)  
  136  8:16  Nexus  
  136  8:18  Gateway  
  136  8:20  Gateway  
  136  8:22  Gateway  
  136  8:23  Photon Cannon, Gateway  
  136  8:26  Photon Cannon  
  136  8:28  Photon Cannon  
  136  8:33  Twilight Council  
  136  8:38  Probe x3  
  136  8:39  Assimilator  
  139  8:44  Assimilator  
  139  8:50  Carrier, Probe  
  139  8:55  Carrier  
  152  9:08  Shield Battery  
  152  9:09  Shield Battery  
  154  9:14  Zealot  
  154  9:17  Zealot  
  156  9:22  Pylon  
  154  9:24  Pylon, Zealot  
  154  9:31  Protoss Ground Weapons Level 2 (Chrono Boost)  
  152  9:35  Templar Archives  
  141  9:42  Probe  
  141  9:43  Carrier  
  141  9:45  Probe x3  
  151  9:54  Probe  
  151  9:58  Carrier  
  158  10:00  Pylon  
  158  10:14  Photon Cannon  
  158  10:16  Zealot  
  158  10:17  Zealot x9  
  171  10:24  Probe x2  
  169  10:30  Carrier  
  171  10:51  Nexus  
  159  10:59  Zealot  
  145  11:06  High Templar x2  
  145  11:07  High Templar x4  
  145  11:09  High Templar  
  145  11:11  Archon x2  
  147  11:12  Archon  
  147  11:17  High Templar  
  147  11:18  Zealot  
  129  11:31  High Templar  
  125  11:37  Archon  
  125  11:45  Stalker x3  
  131  11:49  Nexus  
  131  11:52  Photon Cannon  
  125  11:56  Photon Cannon  
  125  12:04  Probe x2  
  121  12:12  Zealot x6  
  123  12:17  Probe  
  123  12:19  Probe x2  
  126  12:28  Stalker  
  114  12:35  Stalker  
  112  12:37  Stalker  
  109  12:45  Zealot x2  
  83  12:53  Stalker  
  79  12:59  Zealot x2  
Show
View Real Time Build Order
Export as new Build Order

Bly Zerg - Winner!

Build Orders: Hatch First 

Get SALT Encoding   

  12  0:00  Drone  
  13  0:12  Overlord  
  13  0:19  Drone  
  14  0:31  Drone x2  
  16  0:49  Hatchery  
  15  0:52  Drone  
  15  0:56  Drone  
  17  0:59  Drone  
  18  1:10  Extractor  
  17  1:14  Spawning Pool  
  17  1:18  Drone  
  17  1:23  Drone  
  18  1:29  Drone  
  19  1:38  Drone  
  20  1:49  Overlord  
  20  2:02  Queen  
  20  2:03  Zergling x4, Queen  
  26  2:12  Drone  
  26  2:13  Drone  
  26  2:15  Metabolic Boost  
  28  2:25  Drone x2  
  30  2:38  Hatchery  
  30  2:43  Drone x2  
  31  2:49  Queen  
  33  2:52  Drone  
  33  2:56  Overlord  
  34  3:01  Drone x2  
  36  3:17  Drone x6  
  42  3:23  Queen  
  42  3:24  Overlord  
  44  3:33  Spore Crawler  
  43  3:39  Overlord  
  43  3:41  Overlord  
  43  3:42  Drone  
  43  3:48  Overlord x2  
  44  3:51  Drone x3  
  44  3:52  Drone  
  48  3:58  Drone x3  
  51  4:05  Spore Crawler, Drone x2  
  52  4:10  Zergling x4  
  54  4:18  Drone x2  
  54  4:19  Drone  
  54  4:20  Drone x2  
  54  4:23  Drone x3  
  62  4:29  Spore Crawler  
  61  4:33  Drone x3  
  61  4:34  Queen  
  61  4:37  Spore Crawler  
  65  4:42  Overlord  
  65  4:47  Drone  
  65  4:48  Drone x3  
  65  4:50  Zergling x4  
  65  4:51  Overlord  
  71  4:53  Hatchery, Drone  
  71  4:54  Drone  
  71  5:00  Drone  
  71  5:01  Drone x3  
  75  5:07  Lair  
  75  5:09  Extractor  
  75  5:10  Extractor, Drone x2  
  75  5:11  Roach Warren  
  75  5:14  Evolution Chamber  
  73  5:20  Queen x2  
  77  5:24  Drone x4  
  77  5:25  Overlord  
  81  5:31  Extractor, Overlord  
  81  5:32  Extractor  
  77  5:56  Queen x2  
  77  5:57  Hatchery  
  77  5:58  Drone x10  
  77  5:59  Drone  
  77  6:00  Drone  
  77  6:02  Extractor  
  77  6:03  Overlord  
  87  6:05  Drone x2  
  87  6:09  Drone  
  87  6:10  Drone x5, Spire  
  94  6:12  Drone x2  
  96  6:22  Overlord  
  96  6:23  Zerg Melee Weapons Level 1  
  96  6:24  Drone x4  
  100  6:32  Spore Crawler  
  100  6:39  Drone  
  102  6:40  Drone x4  
  102  6:43  Extractor x2, Spore Crawler  
  102  6:45  Overseer  
  101  6:47  Overlord  
  101  6:49  Drone  
  101  6:50  Infestation Pit  
  101  6:56  Overseer  
  101  7:00  Drone x3  
  104  7:03  Overlord  
  104  7:10  Zergling x24  
  104  7:11  Zergling x12  
  122  7:28  Hive  
  122  7:30  Drone, Zerg Flyer Weapons Level 1  
  122  7:31  Drone x7  
  130  7:45  Extractor x2  
  130  7:47  Glial Reconstitution  
  130  7:48  Overlord x3  
  128  7:51  Spine Crawler  
  126  8:10  Corruptor x15  
  149  8:21  Zerg Melee Weapons Level 2  
  149  8:27  Baneling Nest  
  148  8:34  Corruptor  
  148  8:35  Corruptor x4  
  148  8:38  Overlord  
  148  8:39  Zergling x22  
  148  8:40  Zergling x4  
  171  8:44  Overlord  
  171  8:45  Pneumatized Carapace  
  170  8:55  Viper, Overlord  
  172  9:04  Hatchery  
  172  9:06  Hatchery  
  160  9:14  Baneling x6  
  160  9:15  Corruptor x7  
  166  9:26  Zergling x24  
  172  9:33  Zergling x2  
  172  9:34  Zergling x16  
  172  9:36  Centrifical Hooks  
  178  9:45  Zerg Flyer Weapons Level 2  
  178  9:47  Spire  
  178  9:48  Zergling x12  
  178  9:49  Zergling x4, Ultralisk Cavern  
  184  10:13  Corruptor x7  
  198  10:15  Overlord  
  179  10:28  Corruptor x5  
  182  10:37  Baneling x5  
  182  10:42  Chitinous Plating  
  179  10:43  Corruptor  
  179  10:44  Zergling x20  
  179  10:45  Zergling x16  
  185  11:05  Zergling x18  
  185  11:07  Spore Crawler x3  
  185  11:09  Spore Crawler  
  151  11:32  Ultralisk x6  
  171  11:41  Baneling x12  
  170  11:47  Zergling x28  
  180  11:55  Zergling x16  
  175  12:18  Zergling x4  
  175  12:19  Zergling x26  
  185  12:30  Zergling x16  

Tags
 
Add a new tag
Caveats
  • Supply blocks, unpowered buildings, or Contaminate may cause inaccurate times.
  • Supply counts are checked every 10 seconds.